[Event "GrandPrix_29.05"]
[Site "Chess.com"]
[Date "2020.05.29"]
[Round "6"]
[White "rasmussvane"]
[Black "1stSecond"]
[Result "1-0"]
[WhiteElo "2514"]
[BlackElo "2480"]
[TimeControl "600+2"]
[EndTime "11:57:14 PDT"]
[Termination "rasmussvane won by resignation"]

1. Nf3 d5 2. g3 Nc6 3. d4 Bf5 4. Bg2 Nb4 5. Na3 e6 6. O-O Be7 7. c3 Nc6 8. Qb3 Rb8 9. Bf4 a6 10. Ne5 Nf6 11. Qa4 Bd6 12. Nxc6 Qd7 13. Nb5 Qxc6 14.
Nxd6+ cxd6 15. Qb4 Rd8 16. Rfc1 Be4 17. f3 Bg6 18. c4 Qd7 19. c5 dxc5 20. Rxc5 O-O 21. Rc7 Qe8 22. Rac1 a5 23. Qxa5 Ra8 24. Qb4 Ra4 25.
Qxb7 Rc4 26. Bd6 Rxc7 27. Qxc7 Qa4 28. Bxf8 Qxd4+ 29. Kf1 1-0

[Event "GrandPrix_29.05"]
[Site "Chess.com"]
[Date "2020.05.29"]
[Round "6"]
[White "Sunnika"]
[Black "DarkAlekhine"]
[Result "0-1"]
[WhiteElo "2079"]
[BlackElo "2113"]
[TimeControl "600+2"]
[EndTime "11:57:14 PDT"]
[Termination "DarkAlekhine won by resignation"]

1. d4 Nf6 2. Nf3 g6 3. g3 Bg7 4. Bg2 O-O 5. O-O d6 6. c4 Bf5 7. d5 c6 8. Nc3 Ne4 9. Nxe4 Bxe4 10. dxc6 Nxc6 11. Ng5 Bxg2 12. Kxg2 Na5 13. Rb1 Nxc4 14. b3 Nb6 15. Bb2 Bxb2 16. Rxb2 Rc8 17. Rd2 Qc7 18. h4 h6 19. Nh3 Nd7 20. Nf4 Nf6 21. f3 Qa5 22. e4 Rc5 23. Qe2 Rfc8 24. b4 Qxb4 25. Nd3 Qxd2 26. Qxd2 Rc2 27. Rf2 Rxd2 28. Rxd2 Rc3 29.
Kf2 g5 30. hxg5 hxg5 31. g4 Nd7 32. Nb4 Nb6 33. Ke2 Kf8 34. Rd1 a5 35. Nd5 Rc2+ 36. Ke3 Nxd5+ 37. Rxd5 Rxa2 38. Rxg5 Ra3+ 39. Ke2 e5 40.
Rh5 Rb3 41. Rh8+ Ke7 42. Ra8 b6 43. g5 Rb4 44. Ra7+ Ke6 45. Kd2 a4 46. Kc2 b5 47.
g6 fxg6 48. Rg7 Kf6 49. Rd7 Rd4 50. Ra7 Kg5 0-1

[Event "GrandPrix_29.05"]
[Site "Chess.com"]
[Date "2020.05.29"]
[Round "6"]
[White "Ave_Mariia"]
[Black "KruHor"]
[Result "0-1"]
[WhiteElo "2175"]
[BlackElo "2402"]
[TimeControl "600+2"]
[EndTime "11:57:17 PDT"]
[Termination "KruHor won by resignation"]

1. c4 e5 2. Nc3 Bb4 3. e3 Bxc3 4. bxc3 d6 5. Ne2 Nf6 6. Ng3 O-O 7.
d4 Nc6 8. Bd3 Na5 9. O-O b6 10.
e4 Ba6 11. Qe2 Re8 12. Nf5 Bc8 13. Qf3 Bxf5 14. Qxf5 Qd7 15. Qf3 Qg4 16. Qxg4 Nxg4 17. f3 Nf6 18. c5 dxc5 19. dxc5 Red8 20. Rd1 Nd7 21. cxb6 axb6 22. Be3 Kf8 23. Bb5 Ke7 24. Kf2 Nf8 25. Be2 Ne6 26. Rd5 f6 27. Rad1 Rxd5 28.
exd5 Nc5 29. Bxc5+ bxc5 30. Ke3 Nb7 31. Rd2 Ra3 32. Kd3 Kd6 33. Rb2 Na5 34. Rb8 Rxa2 35. Rd8+ Ke7 36. Rg8 c4+ 37. Ke3 g6 38. Rg7+ Kd6 39.
Rxh7 Rc2 40. Rf7 f5 41. Rf6+ Kxd5 42. Rxg6 Rxc3+ 43. Kd2 Kd4 44. Rg7 Nb3+ 45. Ke1 Ke3 46. Rxc7 Rc1+ 47. Bd1 Nd4 48. Rd7 c3 0-1

[Event "GrandPrix_29.05"]
[Site "Chess.com"]
[Date "2020.05.29"]
[Round "6"]
[White "ebret"]
[Black "Elshadchess"]
[Result "0-1"]
[WhiteElo "2009"]
[BlackElo "1934"]
[TimeControl "600+2"]
[EndTime "11:57:28 PDT"]
[Termination "Elshadchess won by resignation"]

1. d4 d5 2. Nf3 Nc6 3. Bf4 Bg4 4. e3 e6 5. Be2 Bd6 6. Bg3 Nge7 7. c4 Nf5 8. Bxd6 Qxd6 9. cxd5 exd5 10. Nc3 O-O 11.
h3 Bxf3 12. Bxf3 Nce7 13. O-O c6 14. Rb1 Ng6 15. b4 a6 16. a4 Nfh4 17. b5 axb5 18. axb5 Ra3 19. Ne2 Nxf3+ 20. gxf3 Nh4 21. Nf4 g5 22.
Nh5 Qg6 23. Ng3 f5 24. bxc6 bxc6 25. Qc1 Nxf3+ 26. Kg2 Nh4+ 27. Kh1 f4 28. Qxa3 fxg3 29. Kg1 Qe4 30. Qxf8+ Kxf8 31. fxg3+ Nf5 32. g4 Qxe3+ 33. Kh2 Qg3+ 34. Kh1 Qxh3+ 35. Kg1 Qxg4+ 36. Kh1 Qh4+ 37. Kg2 Qe4+ 38. Kh2 Kg7 39. Rbe1 Qh4+ 40. Kg2 Qg3+ 41. Kh1 Ne3 42. Rf7+ Kxf7 43. Rf1+ Qf4 44. Rf2 Kg6 0-1

[Event "GrandPrix_29.05"]
[Site "Chess.com"]
[Date "2020.05.29"]
[Round "6"]
[White "fm_magua"]
[Black "Kopytkin"]
[Result "1-0"]
[WhiteElo "1846"]
[BlackElo "2160"]
[TimeControl "600+2"]
[EndTime "11:57:30 PDT"]
[Termination "fm_magua won by checkmate"]

1. e4 Nf6 2. e5 Nd5 3. c4 Nb6 4. c5 Nd5 5. Bc4 c6 6. Nc3 e6 7. d4 b6 8. cxb6 Qxb6 9. Nge2 Ba6 10. Bb3 Be7 11. O-O O-O 12. Be3 f5 13. exf6 Bxf6 14. Na4 Qc7 15. Nc5 Bxe2 16. Qxe2 a5 17. Qg4 Na6 18. Ne4 Nab4 19. a3 Nd3 20. Rfd1 N3f4 21. g3 h5 22. Bxf4 hxg4 23. Bxc7 Nxc7 24. Nc5 Rf7 25.
Rd3 Rb8 26. Re1 Nd5 27. Re4 Bg5 28. Bxd5 cxd5 29. Rxg4 Bc1 30. Nb3 Bxb2 31. Nxa5 Rb5 32. Nb3 Bxa3 33. Nd2 Bd6 34. Nf3 Rb1+ 35. Kg2 Rb2 36.
h4 Be7 37. h5 Kf8 38. Rc3 Bf6 39. Rf4 Ke7 40. g4 Ke8 41. Rc8+ Ke7 42. g5 Bxg5 43. Rxf7+ Kxf7 44. Nxg5+ Kf6 45. Nf3 d6 46. Rf8+ Ke7 47.
Ra8 Kf6 48. Ra6 Ke7 49. Kg3 Rb8 50. Kg4 Rf8 51. Ra7+ Kf6 52. Ng5 Rb8 53. Rf7# 1-0

[Event "GrandPrix_29.05"]
[Site "Chess.com"]
[Date "2020.05.29"]
[Round "6"]
[White "weplaychess09"]
[Black "EvgenyRomanov"]
[Result "0-1"]
[WhiteElo "2059"]
[BlackElo "2078"]
[TimeControl "600+2"]
[EndTime "11:57:35 PDT"]
[Termination "EvgenyRomanov won by checkmate"]

1. d4 Nf6 2. c4 c5 3. d5 b5 4. cxb5 a6 5. bxa6 g6 6. Nc3 Bg7 7. e4 O-O 8. e5 Ne8 9. h4 h5 10. g4 hxg4 11. h5 d6 12. hxg6 dxe5 13. Qc2 f5 14. f3 Qd6 15. fxg4 Nxa6 16. Bc4 e4 17.
Nge2 Nb4 18. Qd1 Ba6 19. Bf4 Qxg6 20. Qb3 Bxc4 21. Qxc4 Nd3+ 22. Kd2 fxg4 23. d6+ e6 24. Raf1 Nxf4 25. Nxf4 Nxd6 26. Qxe6+ Qxe6 27. Nxe6 Nc4+ 28. Ke2 Rxf1 29. Rxf1 Bxc3 30. bxc3 Rxa2+ 31. Ke1 e3 32. Rf5 g3 33. Rg5+ Kf7 34. Nxc5 g2 35. Nb3 Ne5 36. Rg3 Nd3+ 37. Kd1 e2# 0-1

[Event "GrandPrix_29.05"]
[Site "Chess.com"]
[Date "2020.05.29"]
[Round "6"]
[White "SoltaniciR"]
[Black "Nitzan_Steinberg"]
[Result "0-1"]
[WhiteElo "2061"]
[BlackElo "2261"]
[TimeControl "600+2"]
[EndTime "11:57:45 PDT"]
[Termination "Nitzan_Steinberg won on time"]

1. e4 c5 2. Nf3 d6 3. d4 cxd4 4.
Nxd4 Nf6 5. Nc3 a6 6. Be3 e5 7. Nf3 Qc7 8. a4 Be7 9. a5 Be6 10. Be2 O-O 11. O-O Nbd7 12. Nd5 Nxd5 13. exd5 Bf5 14.
c4 Bg6 15. b4 f5 16. Bg5 Qd8 17. Bxe7 Qxe7 18. Qb3 Kh8 19. Rfe1 Qf6 20. Rad1 f4 21. Bd3 Rae8 22. Nd2 f3 23. Bxg6 fxg2 24. Ne4 Qxg6 25.
Qg3 Qh6 26. c5 dxc5 27. bxc5 Rf4 28. Rb1 Qh5 29. h3 Nf6 30. Rxb7 Rg8 31. Ng5 Nxd5 32.
Rxe5 Qd1+ 33. Kxg2 h6 34. Ne6 g5 35. Rxg5 hxg5 36.
Nxg5 Ne3+ 0-1

[Event "GrandPrix_29.05"]
[Site "Chess.com"]
[Date "2020.05.29"]
[Round "6"]
[White "khekhm"]
[Black "Haykos"]
[Result "1-0"]
[WhiteElo "2411"]
[BlackElo "2179"]
[TimeControl "600+2"]
[EndTime "11:57:58 PDT"]
[Termination "khekhm won on time"]

1. e4 c5 2. Nf3 e6 3. d4 cxd4 4. Nxd4 Nf6 5. Nc3 Nc6 6. Ndb5 Bb4 7. a3 Bxc3+ 8. Nxc3 d5 9. exd5 Nxd5 10. Bd2 e5 11. Bd3 O-O 12. O-O Be6 13. Ne4 h6 14. Nc5 Bc8 15.
c4 Nde7 16. Bc3 b6 17. Ne4 Bb7 18. Re1 Qc7 19. Qh5 f5 20. Ng3 e4 21. Bc2 Ne5 22.
Rad1 Ng4 23. Nxf5 Nxf2 24. Nxh6+ gxh6 25. Qxh6 1-0

[Event "GrandPrix_29.05"]
[Site "Chess.com"]
[Date "2020.05.29"]
[Round "6"]
[White "Carpe7Diem"]
[Black "Zadar321"]
[Result "1-0"]
[WhiteElo "2095"]
[BlackElo "1920"]
[TimeControl "600+2"]
[EndTime "11:58:04 PDT"]
[Termination "Carpe7Diem won by checkmate"]

1. c4 Nf6 2. Nc3 Nc6 3. e4 e5 4. Nf3 Bc5 5. Be2 d6 6. h3 a6 7.
O-O O-O 8. d3 Ne7 9. Be3 Ng6 10.
d4 exd4 11. Nxd4 Re8 12. Qc2 c6 13. Rad1 Qe7 14. Nf5 Bxf5 15. exf5 Bxe3 16. fxg6 Ba7 17. gxf7+ Kxf7 18. Rfe1 Kg8 19. Qd2 Qf7 20. Bf3 Rad8 21. b3 Bc5 22. Na4 Ba7 23. Nc3 Rxe1+ 24. Rxe1 d5 25. cxd5 cxd5 26. Rd1 d4 27. Ne4 Nd5 28. Ng5 Qf6 29. Bxd5+ Rxd5 30. Ne4 Qe5 31. Qd3 h6 32. g3 Rd8 33. Kg2 Kh8 34. Rd2 Re8 35. Re2 Qd5 36.
f3 Rc8 37. h4 Qc6 38. Nf2 Qc3 39. Qf5 Qc5 40. Qf7 Qc6 41. Re7 Rg8 42. Rxb7 Bb8 43. Re7 Qd6 44. Ne4 Qc6 45. Re6 Qc2+ 46. Kh3 Qd1 47.
Re8 Qf1+ 48. Kg4 Rxe8 49. Qxe8+ Kh7 50. Qxb8 h5+ 51. Kf4 d3 52. Qe5 Qe2 53. Qxh5+ Kg8 54. Qe8+ Kh7 55. Ng5+ Kh6 56. Qh8+ Kg6 57. h5+ Kf6 58.
Qf8# 1-0

[Event "GrandPrix_29.05"]
[Site "Chess.com"]
[Date "2020.05.29"]
[Round "6"]
[White "chess_big_master"]
[Black "fujiwara_hoga"]
[Result "0-1"]
[WhiteElo "2006"]
[BlackElo "2118"]
[TimeControl "600+2"]
[EndTime "11:58:05 PDT"]
[Termination "fujiwara_hoga won by resignation"]

1. d4 d5 2. Nf3 Nf6 3. c4 e6 4.
Nc3 Be7 5. Bg5 O-O 6. e3 Nbd7 7. Qc2 dxc4 8. Bxc4 a6 9. a4 b6 10. e4 Bb7 11. Rd1 h6 12. Bh4 Nh5 13. Bg3 Nxg3 14. hxg3 Nf6 15. e5 Nd5 16. Ne4 Nb4 17. Qe2 Bd5 18. Bxd5 Nxd5 19. Kf1 Qd7 20. b3 b5 21. a5 b4 22. Nfd2 Nc3 23. Nxc3 bxc3 24. Ne4 Rfb8 25. Nxc3 Rxb3 26. Ne4 Qb5 27. d5 exd5 28. Qxb5 axb5 29. Nd2 Rb2 30. Nf3 Rxa5 31. Nd4 Raa2 0-1

[Event "GrandPrix_29.05"]
[Site "Chess.com"]
[Date "2020.05.29"]
[Round "6"]
[White "VMikhalevski"]
[Black "Grandelicious"]
[Result "1-0"]
[WhiteElo "2674"]
[BlackElo "2640"]
[TimeControl "600+2"]
[EndTime "11:58:12 PDT"]
[Termination "VMikhalevski won by resignation"]

1. d4 d5 2. c4 e6 3. Nf3 a6 4. cxd5 exd5 5. Nc3 h6 6. h3 Nf6 7. Bf4 Bd6 8. Bxd6 Qxd6 9. e3 Bf5 10. Bd3 Bxd3 11.
Qxd3 Nbd7 12. O-O O-O 13. b4 c6 14. Rab1 b5 15. a4 Nb6 16. Ne5 Nfd7 17. a5 Nc4 18. Nxc4 bxc4 19. Qd2 Rfb8 20. Na4 Rb5 21. Nc5 Nxc5 22. bxc5 Qb8 23. Qc2 Qc7 24. e4 Qxa5 25. exd5 cxd5 26. Qf5 Rd8 27. Ra1 Qc3 28. c6 1-0

[Event "GrandPrix_29.05"]
[Site "Chess.com"]
[Date "2020.05.29"]
[Round "6"]
[White "StephenDedalus83"]
[Black "PotapovaM"]
[Result "0-1"]
[WhiteElo "2025"]
[BlackElo "2187"]
[TimeControl "600+2"]
[EndTime "11:58:32 PDT"]
[Termination "PotapovaM won by resignation"]

1. e4 c5 2. Nf3 d6 3. d4 cxd4 4. Nxd4 Nf6 5. Nc3 a6 6. h3 e5 7. Nf3 Qc7 8. Bg5 Nbd7 9. a4 b6 10. Nd2 Bb7 11. Bc4 Be7 12. Qe2 O-O 13. O-O h6 14.
Bxf6 Nxf6 15. Rfd1 Rfc8 16. Bb3 Bc6 17. Nf1 Qb7 18. Nd5 Bxd5 19. Bxd5 Nxd5 20. Rxd5 f5 21. Rad1 f4 22. b3 Qc6 23. c4 Rab8 24. Nh2 b5 25. axb5 axb5 26. cxb5 Qc3 27. Qf3 Qb2 28. Ng4 Rc3 29.
R1d3 Rc1+ 30. Kh2 h5 31. Nxe5 dxe5 32. Rd2 Qb1 33. Rd1 Bf6 34. Qxh5 Rxd1 35. Qxd1 Qxd1 36.
Rxd1 Rxb5 37. Rd3 Kf7 38. g3 Bg5 39. Kg2 fxg3 40. fxg3 Ke6 41. Rc3 Be7 42. Kf3 Bc5 43.
Kg4 Bd4 44. Rc6+ Kf7 45. Kf5 Rxb3 46. Rc7+ Kf8 47. Rc8+ Kf7 48. Rc7+ Kg8 49. g4 Rxh3 50. g5 Kh7 51. Rd7 Rh4 52. Rd6 Rf4+ 53. Ke6 Rg4 54.
Kf5 Rf4+ 55. Ke6 Kg6 56. Kd5+ Kxg5 57. Rd8 g6 58. Rg8 Rf6 59. Rg7 Kf4 60. Rg8 g5 61.
Rg7 g4 0-1

[Event "GrandPrix_29.05"]
[Site "Chess.com"]
[Date "2020.05.29"]
[Round "6"]
[White "aleksandrovaleksei"]
[Black "Khvicha_Supatashvili"]
[Result "1-0"]
[WhiteElo "2361"]
[BlackElo "2114"]
[TimeControl "600+2"]
[EndTime "11:58:34 PDT"]
[Termination "aleksandrovaleksei won by resignation"]

1. d4 Nf6 2. c4 e6 3. Nc3 Bb4 4. e3 O-O 5. Bd3 d5 6. cxd5 exd5 7. Ne2 Re8 8. O-O b6 9. Bd2 Bb7 10. Qc2 Bf8 11. Rad1 Nbd7 12. Bc1 Rc8 13. a3 g6 14. b4 a6 15. Qb3 b5 16. a4 c6 17. f3 Qe7 18.
Na2 Nb6 19. a5 Nc4 20. Ng3 h5 21. Rfe1 Bg7 22. e4 dxe4 23. fxe4 Ng4 24. Bxc4 bxc4 25.
Qxc4 Qh4 26. h3 Qxg3 27. hxg4 Qxg4 28. Nc3 Rcd8 29. Be3 h4 30. Qe2 Bc8 31. Qxg4 Bxg4 32. Rd2 Rb8 33. Rb1 Bf5 34. Bf4 Rbd8 35. exf5 Bxd4+ 36. Rxd4 Rxd4 37. Bc7 Rc4 38. Na4 Re2 39. fxg6 Rcc2 40. gxf7+ Kxf7 41. Nc5 Rxg2+ 42. Kh1 h3 43. Nxa6 Ra2 44. Nc5 Ra3 45. a6 Rga2 46. Bb8 Kg6 47. a7 Kg5 48. Nb3 Kg4 49. Rg1+ Kf3 50. Na5 h2 51. Rc1 Rc2 52. Rxc2 1-0

[Event "GrandPrix_29.05"]
[Site "Chess.com"]
[Date "2020.05.29"]
[Round "6"]
[White "SpasKozhuharov"]
[Black "MilanovicDan"]
[Result "0-1"]
[WhiteElo "2232"]
[BlackElo "2455"]
[TimeControl "600+2"]
[EndTime "11:58:35 PDT"]
[Termination "MilanovicDan won by checkmate"]

1. c4 c5 2. Nf3 Nf6 3. d4 cxd4 4. Nxd4 b6 5. Nc3 Bb7 6. f3 a6 7. e4 d6 8. Be2 e6 9. Be3 Be7 10. O-O O-O 11. Qd2 Qc7 12. Rfc1 Rc8 13. a4 Qd8 14. a5 bxa5 15. Nb3 Nc6 16. Na4 Nd7 17. Bf1 Rab8 18. Qf2 Ba8 19. Nd4 Nce5 20. h3 Bh4 21. g3 Bf6 22. f4 Nc6 23. Bg2 Nb4 24. Qe2 Qc7 25. b3 Nc5 26. e5 dxe5 27. fxe5 Qxe5 28. Nxc5 Bxg2 29. Nd7 Qe4 30. Nxf6+ gxf6 31.
Rxa5 Bxh3 32. Qf2 Nd3 33. Qxf6 Qg2# 0-1

[Event "GrandPrix_29.05"]
[Site "Chess.com"]
[Date "2020.05.29"]
[Round "6"]
[White "DaVinci81"]
[Black "grunbergmihai"]
[Result "0-1"]
[WhiteElo "2440"]
[BlackElo "2511"]
[TimeControl "600+2"]
[EndTime "11:58:50 PDT"]
[Termination "grunbergmihai won by resignation"]

1. e4 Nf6 2. e5 Nd5 3. d4 d6 4. Nf3 dxe5 5. Nxe5 c6 6. c3 Bf5 7. Qh5 g6 8. Qf3 Nd7 9. Nxf7 Kxf7 10. g4 e6 11.
gxf5 exf5 12. Bc4 Nb6 13. Bb3 Qe7+ 14. Kf1 Re8 15. Kg2 Qe2 16. c4 Nf6 17. Nc3 Qxf3+ 18.
Kxf3 Bb4 19. c5+ Nbd5 20. Nxd5 Nxd5 21. Bxd5+ cxd5 22. Bf4 Re4 23. a3 Ba5 24. Be5 Rc8 25. Rad1 Bc7 26. Bxc7 Rxc7 27. Rhe1 Rce7 28. Re3 g5 29. h3 h5 30. b4 g4+ 31. hxg4 hxg4+ 32. Ke2 Rxe3+ 33. fxe3 f4 34. Rd3 Kf6 35. Kf2 f3 36.
b5 Rh7 37. c6 bxc6 38. bxc6 Rh2+ 39. Kg3 Rg2+ 40. Kh4 f2 41. Rd1 Ke7 42. e4 Rg1 0-1

[Event "GrandPrix_29.05"]
[Site "Chess.com"]
[Date "2020.05.29"]
[Round "6"]
[White "Luq27"]
[Black "Aliakbarov_Anar"]
[Result "0-1"]
[WhiteElo "2158"]
[BlackElo "2162"]
[TimeControl "600+2"]
[EndTime "11:58:57 PDT"]
[Termination "Aliakbarov_Anar won by resignation"]

1. Nf3 d5 2. d4 Nf6 3. c4 e6 4. g3 Be7 5. Bg2 O-O 6. O-O dxc4 7. Qc2 c6 8. Qxc4 b5 9. Qb3 Bb7 10. Rd1 Nbd7 11. Bg5 a6 12. a4 Qb6 13. Nc3 b4 14. Ne4 a5 15. Rac1 Nxe4 16. Bxe7 Rfe8 17. Bc5 Ndxc5 18.
dxc5 Nxc5 19. Qc2 Na6 20. Ng5 g6 21. Rd7 Rf8 22. Qe4 Rad8 23. Rcd1 Nc5 24. Qh4 h5 25. R7d2 Rxd2 26. Rxd2 Rd8 27. Qf4 f5 28. h4 Rxd2 29. Qxd2 Qc7 30. Qc2 Qe7 31. f4 Nd7 32. Bxc6 Bxc6 33.
Qxc6 Qc5+ 34. Qxc5 Nxc5 35. Kf2 Nxa4 36. Nxe6 Nxb2 37.
Ke3 a4 38. Kd2 Nc4+ 39. Kc2 b3+ 40. Kc3 b2 41. Kc2 a3 0-1

[Event "GrandPrix_29.05"]
[Site "Chess.com"]
[Date "2020.05.29"]
[Round "6"]
[White "anesar92"]
[Black "DenisQ"]
[Result "1-0"]
[WhiteElo "2289"]
[BlackElo "2058"]
[TimeControl "600+2"]
[EndTime "11:58:57 PDT"]
[Termination "anesar92 won by resignation"]

1. e4 c6 2. d4 d5 3. e5 c5 4.
dxc5 Nc6 5. Nf3 Bg4 6. Be3 e6 7. c3 Bxf3 8. Qxf3 Nxe5 9. Bb5+ Nc6 10. c4 Qf6 11. Qg3 O-O-O 12. Bg5 Qxb2 13. Bxc6 Nf6 14. Bxf6 gxf6 15. O-O bxc6 16. Nc3 Qb8 17. Qh3 Bxc5 18. cxd5 cxd5 19. Rac1 Kb7 20. Rb1+ Bb6 21. a4 d4 22. Qf3+ Kc8 23. Nb5 Qb7 24. Rfc1+ Kb8 25. Qg3+ Ka8 26. a5 Bxa5 27. Nxa7 Qxa7 28. Rc8+ Rxc8 29. Qf3+ 1-0

[Event "GrandPrix_29.05"]
[Site "Chess.com"]
[Date "2020.05.29"]
[Round "6"]
[White "Magicmaster17"]
[Black "Guenplen"]
[Result "1/2-1/2"]
[WhiteElo "2421"]
[BlackElo "2494"]
[TimeControl "600+2"]
[EndTime "11:59:03 PDT"]
[Termination "Game drawn by agreement"]

1. e4 c5 2. Nf3 e6 3. c4 Nc6 4.
Nc3 Nge7 5. d4 Nxd4 6. Nxd4 cxd4 7. Qxd4 Nc6 8. Qd3 Bc5 9. Be2 O-O 10. O-O d6 11.
Qg3 Qf6 12. Bf4 e5 13. Nd5 Qg6 14. Qxg6 hxg6 15. Be3 Be6 16. Rfd1 Rac8 17. Rab1 Bxd5 18. exd5 Nd4 19. Bd3 a5 20. g3 Rfe8 21. Kg2 b6 22. b3 e4 23. Bxd4 Bxd4 24. Bc2 Bc5 25. Re1 f5 26. f3 e3 27. Re2 Kf7 28. f4 Bb4 29. a4 Kf6 30. h4 Bc5 31. Kf3 Re7 32. Rg1 Rh8 33. Bd3 Rh6 34. Rgg2 1/2-1/2

[Event "GrandPrix_29.05"]
[Site "Chess.com"]
[Date "2020.05.29"]
[Round "6"]
[White "ZverevLev"]
[Black "mikolka1985"]
[Result "0-1"]
[WhiteElo "2231"]
[BlackElo "2440"]
[TimeControl "600+2"]
[EndTime "11:59:03 PDT"]
[Termination "mikolka1985 won by checkmate"]

1. e4 e5 2. Nf3 Nc6 3. Bb5 a6 4. Ba4 Nf6 5. O-O Be7 6. d3 b5 7.
Bb3 O-O 8. c3 d6 9. Nbd2 Nb8 10.
Re1 Nbd7 11. Nf1 Nc5 12. Bc2 Re8 13. Ng3 Bf8 14. h3 Bb7 15. Be3 g6 16. Qd2 Ncd7 17.
Rad1 c5 18. d4 exd4 19. cxd4 Bxe4 20. Nxe4 Nxe4 21. Bxe4 Rxe4 22. dxc5 Re6 23. Nd4 Re8 24. cxd6 Ne5 25. b3 Qxd6 26. Qb2 Bg7 27. Nf5 Qxd1 28. Nh6+ Kh8 29. Rxd1 Nf3+ 30. gxf3 Bxb2 31. Nxf7+ Kg7 32.
Nd6 Re6 33. Rb1 Rxd6 34. Rxb2 Rc8 35. b4 Rc4 36. Bc5 Rd7 37. Re2 Kf7 38. Re3 Rc2 39.
a3 Rcd2 40. Re4 R2d3 41. Rf4+ Ke6 42. Rf8 Rf7 43. Re8+ Kd5 44. Ra8 Rxa3 45. Kg2 Kc4 46. Rc8 Kb3 47. Rc6 Ra2 48. Re6 Rd7 49. Re3+ Ka4 50.
Kg3 Ra3 51. Re6 Kb3 52. Re3+ Kb2 53. Re2+ Kb1 54. Re1+ Kc2 55. Re2+ Rd2 56. Re7 Rdd3 57. Rxh7 Rxf3+ 58. Kg4 Rfc3 59. h4 a5 60. Kg5 a4 61.
Kxg6 Rh3 62. h5 Rac3 63. Ra7 Rc4 64. h6 Rg4+ 65. Kf5 Rgh4 66. Be3 Kb3 67. Kg6 a3 68. h7 a2 69. Bc1 Rxh7 70. Ra3+ Kc2 71. Rxa2+ Kxc1 72. f4 R3h6+ 73. Kg5 Rh5+ 74. Kg4 Rd5 75. f5 Rg7+ 76.
Kf4 Rf7 77. Ke4 Rfxf5 78. Rh2 Rfe5+ 79. Kf4 Re1 80. Kf3 Rd3+ 81. Kf4 Rd4+ 82. Kf3 Rxb4 83. Rh5 Re7 84. Rc5+ Kb2 85. Kf2 Rb3 86. Kf1 b4 87. Rc4 Rf7+ 88. Ke2 Ka3 89. Kd2 Rd7+ 90. Ke1 Rb1+ 91.
Ke2 b3 92. Rc6 Rh1 93. Ra6+ Kb2 94. Kf2 Re7 95. Kg2 Rhe1 96. Rd6 R1e6 97. Rd2+ Kc3 98. Rd1 Rf6 99. Rd8 Rg7+ 100. Kh3 Rh6# 0-1

[Event "GrandPrix_29.05"]
[Site "Chess.com"]
[Date "2020.05.29"]
[Round "6"]
[White "sergiochess83"]
[Black "DanielDardha2005"]
[Result "1/2-1/2"]
[WhiteElo "2486"]
[BlackElo "2370"]
[TimeControl "600+2"]
[EndTime "11:59:10 PDT"]
[Termination "Game drawn by repetition"]

1. e4 c5 2. Nf3 Nc6 3. Bb5 Nf6 4.
Nc3 g6 5. O-O Bg7 6. Re1 O-O 7.
h3 Nd4 8. Bc4 Nxf3+ 9. Qxf3 d6 10. d3 Nd7 11. Qg3 Ne5 12. Bb3 a6 13. a4 Nc6 14.
Ne2 Bd7 15. c3 b5 16. axb5 axb5 17. Bg5 b4 18. Bd5 Rxa1 19. Rxa1 bxc3 20. bxc3 Qc7 21. Qh4 e6 22. Bxc6 Bxc6 23. Bf6 Ra8 24. Rxa8+ Bxa8 25. Bxg7 Kxg7 26. Ng3 Qa5 27. Qg5 h6 28. Nh5+ Kg8 29. Nf6+ Kg7 30. Qf4 e5 31. Qh4 Qxc3 32. Ne8+ Kf8 33.
Qd8 Qc1+ 34. Kh2 Qf4+ 35. Kg1 Qc1+ 36. Kh2 Qf4+ 37. Kg1 Qc1+ 1/2-1/2

[Event "GrandPrix_29.05"]
[Site "Chess.com"]
[Date "2020.05.29"]
[Round "6"]
[White "SipkeErnst"]
[Black "ninullia"]
[Result "1/2-1/2"]
[WhiteElo "2122"]
[BlackElo "2298"]
[TimeControl "600+2"]
[EndTime "11:59:18 PDT"]
[Termination "Game drawn by repetition"]

1. d4 Nf6 2. c4 e6 3. g3 d5 4. Nf3 Bb4+ 5. Bd2 Bd6 6. Nc3 O-O 7.
e3 dxc4 8. Bxc4 a6 9. a4 b6 10.
O-O Bb7 11. Re1 c5 12. Bf1 Nc6 13. Bg2 Nb4 14. Na2 Nd3 15. Rf1 cxd4 16. Nxd4 Bxg2 17. Kxg2 Be5 18. Bc3 Qd5+ 19. f3 Bxd4 20. Bxd4 Nc5 21.
Bxf6 Qxd1 22. Rfxd1 gxf6 23. Nc3 Rfd8 24. b4 Nd3 25. b5 a5 26. Kf1 Rac8 27. Ra3 Kf8 28.
Ne4 Ne5 29. Rxd8+ Rxd8 30. Ke2 f5 31. Nf2 Rc8 32. Nd3 Nxd3 33. Kxd3 Ke7 34. Rc3 Rxc3+ 35.
Kxc3 Kd6 36. Kd4 e5+ 37. Kc4 Ke6 38. g4 fxg4 39. fxg4 f6 40. h4 h6 41. Kd3 Kd5 42.
e4+ Ke6 43. Ke2 Kd6 44. Kd2 Ke6 45. Ke2 Kd6 46. Kd2 Ke6 47. Ke2 1/2-1/2

[Event "GrandPrix_29.05"]
[Site "Chess.com"]
[Date "2020.05.29"]
[Round "6"]
[White "Doukis"]
[Black "DariaVoit"]
[Result "0-1"]
[WhiteElo "2092"]
[BlackElo "2127"]
[TimeControl "600+2"]
[EndTime "11:59:20 PDT"]
[Termination "DariaVoit won by resignation"]

1. d4 Nf6 2. c4 e6 3. Nc3 Bb4 4. a3 Bxc3+ 5. bxc3 O-O 6. e3 b6 7. Bd3 Nc6 8. Ne2 Ba6 9. e4 d6 10. O-O Na5 11. f4 Bxc4 12. f5 e5 13. Bg5 h6 14. Bh4 Qd7 15. Bxf6 gxf6 16. Ng3 Kh7 17. Nh5 Qe7 18. Bxc4 Nxc4 19. Qd3 b5 20. a4 c6 21.
axb5 cxb5 22. Ra6 Rg8 23. dxe5 fxe5 24. f6 Qb7 25. Ra2 Rg5 26. Ng3 Rag8 27. Nf5 a5 28.
Rf3 a4 29. Rh3 R8g6 30. Ne7 Rxf6 31. Nd5 Qa7+ 32. Kh1 Rf2 33. Ra1 Rfxg2 34. Qf1 Nd2 35. Qxg2 Rxg2 36. Kxg2 Nxe4 37. Rf1 Ng5 38. Nf6+ Kg6 39.
Rg3 a3 40. h4 a2 41. hxg5 hxg5 42. Ne4 a1=Q 43. Rxg5+ Kh7 44. Rh5+ Kg7 45. Rg5+ Kf8 46. Rxa1 Qxa1 47. Rf5 Qd1 48. Rf2 Qg4+ 49. Ng3 Qc4 0-1

[Event "GrandPrix_29.05"]
[Site "Chess.com"]
[Date "2020.05.29"]
[Round "6"]
[White "gygygygygyggygygygy"]
[Black "Sakkcapak"]
[Result "0-1"]
[WhiteElo "1978"]
[BlackElo "2102"]
[TimeControl "600+2"]
[EndTime "11:59:21 PDT"]
[Termination "Sakkcapak won by resignation"]

1. e4 e6 2. d3 d5 3. Nd2 Nf6 4. Ngf3 c5 5. g3 Nc6 6. Bg2 Be7 7. O-O O-O 8. Re1 Qc7 9. Qe2 b5 10. e5 Nd7 11. Nf1 a5 12. h4 Ba6 13. h5 h6 14. Bf4 Rfc8 15. Ne3 Qd8 16. Ng4 Kh7 17. Qd2 Bf8 18. Ngh2 b4 19. g4 Be7 20. g5 hxg5 21.
Nxg5+ Bxg5 22. Bxg5 f6 23. exf6 gxf6 24. Bh4 Qg8 25. Kh1 Qf7 26. Bh3 Re8 27. Qe2 Nd4 28. Qg4 Ne5 29. Qf4 Rf8 30. Rg1 Ne2 31. Qe3 Nxg1 32.
Rxg1 Rg8 33. f4 Rxg1+ 34. Kxg1 Rg8+ 35. Kf1 Qxh5 36. Be1 d4 37. Qe4+ f5 38. Bxf5+ exf5 39. Qxe5 Qh3+ 40. Ke2 Qxh2+ 41. Kd1 Qh5+ 42. Kc1 Re8 43.
Qc7+ Kg8 0-1

[Event "GrandPrix_29.05"]
[Site "Chess.com"]
[Date "2020.05.29"]
[Round "6"]
[White "temus_galaktionov"]
[Black "VerdeNotte"]
[Result "1/2-1/2"]
[WhiteElo "2572"]
[BlackElo "2659"]
[TimeControl "600+2"]
[EndTime "11:59:32 PDT"]
[Termination "Game drawn by agreement"]

1. d4 Nf6 2. Nf3 g6 3. c4 Bg7 4. Nc3 O-O 5. e4 d6 6. Be2 Nbd7 7. O-O e5 8. Be3 Qe7 9. dxe5 dxe5 10. Nd5 Qd8 11. Qc2 c6 12. Nxf6+ Qxf6 13. c5 Qe7 14. b4 f5 15. Bc4+ Kh8 16. exf5 gxf5 17. Rae1 e4 18. Bg5 Qe8 19. Bf4 Qg6 20. Nd2 Ne5 21. f3 Nxc4 22.
Nxc4 Be6 23. Nd6 Bd5 24. Kh1 b5 25. a4 a5 26. fxe4 fxe4 27. bxa5 b4 28. Be3 Rxf1+ 29. Rxf1 Rxa5 30. Qd2 Rxa4 31. Bd4 e3 32. Rf8+ Bg8 33. Nf7+ Qxf7 34. Rxf7 Bxf7 35. Bxg7+ Kxg7 36. Qd4+ Kg8 37. Qd8+ Kg7 38. Qd4+ 1/2-1/2